 Dungeon Crawl Stone Soup version 0.31-a0-1-g4198be8af4 (webtiles) character file.

Game seed: 12131096448166950313

3845 jasper the Cleaver (level 9, -7/66 (72) HPs)
             Began as a Demonspawn Delver on May 2, 2023.
             Was a Believer of Ashenzari.
             Mangled by a gnoll
             ... wielding a +1 halberd of electrocution
              (14 damage)
             ... in a bailey.
             The game lasted 00:11:37 (5986 turns).

jasper the Cleaver (Demonspawn Delver)              Turns: 5986, Time: 00:11:37

HP:   -7/66 (72)    AC: 16    Str: 17    XL:     9   Next: 98%
MP:   9/9           EV:  9    Int: 12    God:    Ashenzari [**....]
Gold: 46            SH:  0    Dex: 14    Spells: 8/8 levels left

rFire   . . .        F - +3 war axe "Share My Unpleasantness" {elec, Comp, Self} (curse)
rCold   . . .        (no shield)
rNeg    . . .        L - +0 plate armour
rPois   .            t - +0 helmet of Supernal Knowledge {Range, Melee} (curse)
rElec   .            J - +2 cloak {Stlth+}
rCorr   .            (gloves unavailable)
SInv    +            (no boots)
Will    .....        l - amulet of Apeoromancy {RegenMP, Alch, Cun} (curse) Stlth
                     (no ring)
HPRegen 1.31/turn    (no ring)
MPRegen 0.51/turn

%: no passive effects
@: drained
A: claws 3, repulsion field 1, powered by death 3
a: Renounce Religion, Curse Item, Shatter the Chains


You were in a bailey.
You worshipped Ashenzari.
Ashenzari was pleased with you.
You visited 1 branch of the dungeon, and saw 9 of its levels.
You also visited: Bailey.

You collected 580 gold pieces.
You spent 534 gold pieces at shops.

Inventory:

Hand Weapons
 a - a +0 hand axe
 o - a +0 club
 s - a +0 morningstar
 v - a +0 flail
 x - a +0 war axe
 y - a +3 battleaxe of freezing
 z - the +1 war axe of the Magic Mushroom {heavy, Dex+4}
   (You bought it in a shop on level 4 of the Dungeon)

   Dex:       It affects your dexterity (+4).
 E - a +3 battleaxe of freezing
 F - the cursed +3 war axe "Share My Unpleasantness" (weapon) {elec, Comp, Self}
   (You took it off an orc on level 5 of the Dungeon)

   It has a curse which improves the following skills: Companions: Summonings
   and Necromancy.
   Introspection: Fighting and Spellcasting.
 N - a +0 spear
Missiles
 K - a boomerang (quivered)
Armour
 b - a +0 leather armour
 i - a +0 chain mail
 r - a +0 scale mail
 t - the cursed +0 helmet of Supernal Knowledge (worn) {Range, Melee}
   (You took it off Robin on level 2 of the Dungeon)

   It has a curse which improves the following skills: Ranged Combat: Ranged
   Weapons and Throwing.
   Melee Combat: Short Blades, Long Blades, Axes, Maces & Flails, Polearms,
   Staves and Unarmed Combat.
 J - a +2 cloak of stealth (worn)
 L - a +0 plate armour (worn)
Jewellery
 j - a ring of willpower
 l - the cursed amulet of Apeoromancy (around neck) {RegenMP, Alch, Cun}
   (You found it on level 2 of the Dungeon)

   [amulet of magic regeneration]

   It increases your rate of magic regeneration.
   It has a curse which improves the following skills: Alchemy: Poison Magic and
   Transmutations.
   Cunning:   Dodging and Stealth.
 D - a ring of willpower
Wands
 g - a wand of digging (1)
Scrolls
 c - 4 scrolls of fog
 d - a scroll of magic mapping
 e - 10 scrolls of identify
 p - 2 scrolls of noise
 q - 6 scrolls of teleportation
 w - a scroll of silence
 B - a scroll of summoning
 I - 2 scrolls of enchant weapon
Potions
 f - 3 potions of haste
 h - 2 potions of degeneration
 k - 4 potions of magic
 m - a potion of cancellation
 n - 3 potions of flight
 u - 3 potions of ambrosia
 A - 3 potions of brilliance
 C - a potion of might
 G - 3 potions of berserk rage
Miscellaneous
 H - a condenser vane (inert)


   Skills:
 + Level 6.0(7.1) Fighting
 * Level 10.4(11.6) Axes
 + Level 4.5 Armour
 + Level 5.0(6.1) Dodging
 - Level 4.5(5.6) Stealth


You had 8 spell levels left.
You didn't know any spells.
Your spell library contained the following spells:

 Spells                   Type           Power      Damage    Failure   Level
 Beastly Appendage        Tmut           0%         N/A       100%        1
 Sting                    Tmut/Pois      0%         1d3       100%        1
 Blink                    Tloc           0%         N/A       100%        2
 Lesser Beckoning         Tloc           0%         N/A       100%        2
 Momentum Strike          Conj/Tloc      0%         3d8       100%        2
 Wereblood                Tmut           0%         N/A       100%        2
 Gell's Gravitas          Tloc           0%         N/A       100%        3
 Mephitic Cloud           Conj/Pois/Air  0%         N/A       100%        3
 Spider Form              Tmut/Pois      0%         N/A       100%        3
 Teleport Other           Tloc           0%         N/A       100%        3
 Alistair's Intoxication  Tmut/Pois      0%         N/A       100%        5


Dungeon Overview and Level Annotations

Branches:
Dungeon (9/15)             Temple (0/1) D:6            Lair (0/5) D:8
 Bailey (1/1)
    Orc: D:9-12

Altars:
Ashenzari
Dithmenos
Hepliaklqana
Kikubaaqudgha
Makhleb
Okawaru

Shops:
D:4 (   D:6 ?   D:7 [   D:8 *

Annotations:
D:2 1 runed translucent door, Crazy Yiuf
D:3 3 runed translucent doors, Sleet's ghost, weakling TrFi


Innate Abilities, Weirdness & Mutations

You have claws for hands.
You are surrounded by a mild repulsion field. (EV +2)
You regenerate a lot of health from kills.


Message History

a +1 halberd of electrocution; a gnoll corpse Which direction?
You close the door, pushing everything out of the way.
An orc warrior opens the door.
Which direction?
You close the door.
An orc warrior opens the door.
Which direction?
You close the door.
An orc warrior opens the door.
Which direction?
You close the door.
An orc warrior opens the door.
Which direction?
As you close the door, it creaks loudly!
An orc warrior opens the door.
The gnoll hits you but does no damage. The orc warrior barely misses you.
There is an open door here.
You hit the orc warrior.
The orc warrior is lightly wounded.
The gnoll closely misses you.
The orc warrior hits you but does no damage.
You hit the orc warrior.
Lightning courses through the orc warrior!
The orc warrior is almost dead.
The gnoll hits you from afar with a +1 halberd of electrocution.
The orc warrior closely misses you.
You take 1 damage, and have 24/65 hp.
You barely miss the orc warrior.
The orc warrior is almost dead.
The gnoll hits you but does no damage.
The orc warrior hits you with a +2 halberd of electrocution.
You are electrocuted!
* * * LOW HITPOINT WARNING * * *
You take 12 damage, and have 12/65 hp.
You slash the orc warrior!
You kill the orc warrior!
The gnoll hits you from afar with a +1 halberd of electrocution!
* * * LOW HITPOINT WARNING * * *
Your base Fighting skill increases to level 6!
You take 7 damage, and have 5/66 hp.
The gnoll hits you but does no damage.
You are electrocuted!
You die...

##.....## ##.....
###.....#####.....
#.'..⌠..'.#)'..∩..
###.....#####.....
##.....## ##.....
##'##+##'###'##+##
#)##*, ##)#)## {
#'# ### ##### **
#@###)###.#g# *.#
##g##'##'###+##'##
##go.).## ..!.! *
#o....###**o!o!.
,+..⌠..')#{'!.⌠.!
**#.....###**.!.!.
*#.....## ##gg!.!
* +##+##'###o# * {
##))(##


You could see 2 gnolls and 2 orcs.

Vanquished Creatures
  A two-headed ogre (D:7)
  Pikel (D:8)
  A wyvern (D:9)
  A water moccasin (D:6)
  An acid dragon (D:9)
  2 orc warriors
  3 sky beasts
  2 ogres
  2 phantoms (D:5)
  3 kobold brigands
  A bullfrog (D:8)
  A scorpion (D:6)
  8 wights
  2 jellies
  2 orc priests
  A hound (D:4)
  A gnoll bouda (D:7)
  2 sleepcaps
  8 iguanas
  4 orc wizards
  Robin (D:2)
  16 gnolls
  9 adders
  A river rat (D:4)
  A shadow imp (D:6)
  A white imp (D:8)
  2 worms (D:2)
  A dart slug (D:5)
  21 orcs
  4 bats
  7 endoplasms
  6 giant cockroaches
  16 goblins
  8 hobgoblins
  2 jackals (D:1)
  19 kobolds
  4 quokkas
  6 ball pythons
  3 frilled lizards
  3 rats
178 creatures vanquished.

Vanquished Creatures (collateral kills)
  An orc (D:7)
1 creature vanquished.

Vanquished Creatures (others)
  2 plants (D:9)
2 creatures vanquished.

Grand Total: 181 creatures vanquished

Notes
Turn   | Place    | Note
-------+----------+-------------------------------------------
     0 | D:5      | jasper the Demonspawn Delver began the quest for the Orb.
     0 | D:5      | Reached XP level 1. HP: 18/18 MP: 1/1
    64 | D:5      | Noticed an iguana
    85 | D:5      | Identified the +3 leather armour of the Equator {rC- Regen+
                  | Str+2}
   121 | D:5      | Noticed a sleepcap
   205 | D:5      | Reached skill level 2 in Axes
   290 | D:5      | Noticed a phantom
   302 | D:4      | Noticed an iguana
   310 | D:4      | Found a broken altar of Ashenzari.
   316 | D:4      | Noticed an iguana
   318 | D:4      | Became a worshipper of Ashenzari the Shackled
   330 | D:3      | Found an iron altar of Okawaru.
   450 | D:2      | Gained mutation: You have sharp fingernails. [demonic
                  | ancestry]
   450 | D:2      | Reached XP level 2. HP: 24/24 MP: 2/2
   569 | D:2      | Found an iron altar of Okawaru.
   728 | D:1      | Reached skill level 3 in Axes
   866 | D:1      | Gained mutation: You regenerate a little health from kills.
                  | [demonic ancestry]
   866 | D:1      | Reached XP level 3. HP: 29/29 MP: 3/3
  1051 | D:1      | Found a faded altar of an unknown god.
  1391 | D:2      | Reached * piety under Ashenzari
  1447 | D:2      | Noticed Robin
  1473 | D:2      | Killed Robin
  1474 | D:2      | Reached skill level 4 in Axes
  1474 | D:2      | Gained mutation: You have very sharp fingernails. [demonic
                  | ancestry]
  1474 | D:2      | Reached XP level 4. HP: 21/35 MP: 4/4
  1787 | D:2      | Found a runed translucent door.
  1788 | D:2      | Noticed Crazy Yiuf
  1853 | D:3      | Reached skill level 5 in Axes
  1853 | D:3      | Gained mutation: You have claws for hands. [demonic
                  | ancestry]
  1853 | D:3      | Reached XP level 5. HP: 38/41 MP: 5/5
  2063 | D:3      | Found a runed translucent gate.
  2065 | D:3      | Found a runed translucent gate.
  2065 | D:3      | Found a runed translucent gate.
  2066 | D:3      | Noticed Sleet's ghost (weakling TrFi)
  2621 | D:4      | Found Guor's Antique Weapon Shoppe.
  2755 | D:4      | Bought a translucent war axe for 212 gold pieces
  2755 | D:4      | Identified the +1 war axe of the Magic Mushroom {heavy,
                  | Dex+4} (You bought it in a shop on level 4 of the Dungeon)
  2879 | D:4      | Gained mutation: You regenerate health from kills. [demonic
                  | ancestry]
  2879 | D:4      | Reached XP level 6. HP: 19/47 MP: 6/6
  2882 | D:4      | Reached skill level 6 in Axes
  3155 | D:5      | Identified Mexig's Vellum of Filth
  3220 | D:5      | Reached skill level 7 in Axes
  3220 | D:5      | Gained mutation: You regenerate a lot of health from kills.
                  | [demonic ancestry]
  3220 | D:5      | Reached XP level 7. HP: 52/52 MP: 7/7
  3401 | D:5      | Reached ** piety under Ashenzari
  3470 | D:5      | Found a burning altar of Makhleb.
  3579 | D:5      | Reached skill level 8 in Axes
  3659 | D:6      | Reached skill level 1 in Armour
  3661 | D:6      | Reached XP level 8. HP: 56/58 MP: 8/8
  3847 | D:6      | Found Eroski's Magic Scroll Shoppe.
  3923 | D:6      | Found a staircase to the Ecumenical Temple.
  4055 | D:7      | Noticed a two-headed ogre
  4062 | D:7      | Killed a two-headed ogre
  4063 | D:7      | Reached skill level 9 in Axes
  4063 | D:7      | Gained mutation: You are surrounded by a mild repulsion
                  | field. (EV +2) [demonic ancestry]
  4063 | D:7      | Reached XP level 9. HP: 66/66 MP: 9/9
  4101 | D:7      | Found Pazimilo's Armour Emporium.
  4390 | D:7      | Reached skill level 5 in Fighting
  4521 | D:7      | Reached *** piety under Ashenzari
  4586 | D:7      | Bought a +2 cloak of stealth for 322 gold pieces
  4814 | D:7      | Found a shadowy altar of Dithmenos.
  4815 | D:7      | Found a hazy altar of Hepliaklqana.
  5092 | D:8      | Noticed Pikel
  5103 | D:8      | Killed Pikel
  5104 | D:8      | Reached skill level 10 in Axes
  5191 | D:8      | Found an ancient bone altar of Kikubaaqudgha.
  5352 | D:8      | Found Qineprelab's General Store.
  5670 | D:9      | Found a flagged portal.
  5710 | Bailey   | Entered a bailey
  5873 | Bailey   | Reached skill level 5 in Dodging
  5986 | Bailey   | Mangled by a gnoll

Illustrated notes

Levels and vault maps discovered:
D:1:      evilmike_arrival_plus, layout_basic, serial_glass, glass_columns_b,
          glass_columns_b, glass_columns_b, glass_columns_b, glass_columns_a,
          glass_columns_c, glass_columns_c, glass_columns_a, glass_columns_a,
          glass_columns_b, glass_columns_b, glass_columns_c, glass_columns_a,
          glass_columns_c, dreamdust_ecumenical_altar_hidden_monk_grotto
D:2:      layout_basic, basic_altar, minmay_tall_x, uniq_crazy_yiuf_cottage,
          uniq_robin
D:3:      layout_loops_ring, okawaru_gym_becter, gammafunk_ghost_nasty_kobolds,
          minmay_fractal_squares_gapless_5
D:4:      layout_rooms, evilmike_ruin_ashenzari, serial_shops, shop,
          gup_sewer_entry_bubbles, minmay_strange_pillars
D:5:      layout_basic, general_overflow_altar, lightli_temple_of_fire,
          grunt_ministairs_1
D:6:      layout_rooms, minmay_temple_entry_poolview, serial_shops, shop
D:7:      layout_loops_ring, riverfiend_overflow_shadow_ancestor,
          lemuel_doored_altar, serial_shops, shop, kennysheep_minor_cross
D:8:      wander_river, layout_loops_ring, mainiacjoe_overflow_24_doors,
          david_lair_shrubbed, serial_shops, shop, kennysheep_generic_room_7,
          uniq_pikel
D:9:      layout_rooms, doesnt_xom_only_xom, dk_yredelemnul_ordeal,
          enter_bailey_4, serial_bayou_ford_a, minmay_bent
Bailey:   bailey_polearm_nasty_gnolls, bailey

Skill      XL: |  1  2  3  4  5  6  7  8  9 |
---------------+----------------------------+-----
Axes           | 2 3 4 5 7 8 9 10 | 10.4
Dodging        | 2 3 5 |  5.0
Armour         | 1 3 4 |  4.5
Fighting       | 4 6 |  6.0
Stealth        | |  4.5

Action                     |  1- 3 |  4- 6 |  7- 9 || total
---------------------------+-------+-------+-------++-------
  Melee: Hand axe          |   154 |    64 |       ||   218
         Punch             |     1 |       |     4 ||     5
         War axe           |       |    51 |   254 ||   305
  Throw: Dart              |       |       |     1 ||     1
 Invoke: Curse Item        |     2 |     1 |     2 ||     5
         Shatter the Chain |       |       |     1 ||     1
  Evoke: Wand              |       |       |     3 ||     3
         Condenser vane    |       |       |     1 ||     1
    Use: Scroll            |     1 |       |     5 ||     6
         Potion            |       |       |     3 ||     3
   Stab: Sleeping          |     7 |     7 |     3 ||    17
         Distracted        |     1 |     2 |       ||     3
 Armour: Leather armour    |    78 |    50 |    30 ||   158
         Plate armour      |       |       |    79 ||    79
  Dodge: Dodged            |   101 |    93 |   158 ||   352

Table legend: (Time is in decaauts)
 A = Elapsed time spent in this place.
 B = Non-inter-level travel time spent in this place.
 C = Inter-level travel time spent in this place.
 D = Time resting spent in this place.
 E = Time spent auto-exploring this place.
 F = Levels seen in this place.
 G = Mean time per level.
                   A        B        C        D        E       F      G
               +--------+--------+--------+--------+--------+-----+--------+
         Total |   6075 |   5792 |    283 |     50 |   3992 |  10 |  607.5 |
       Dungeon |   5802 |   5519 |    283 |     50 |   3811 |   9 |  644.7 |
        Bailey |    273 |    273 |      0 |      0 |    181 |   1 |  273.0 |
               +--------+--------+--------+--------+--------+-----+--------+

Top non-repeatable levels by time:
     D:7: 917 daAuts
     D:3: 872 daAuts
     D:1: 782 daAuts
     D:5: 764 daAuts
     D:2: 658 daAuts
     D:8: 638 daAuts
     D:4: 606 daAuts
     D:6: 459 daAuts
  Bailey: 273 daAuts
     D:9: 102 daAuts
